 Dungeon Crawl Stone Soup version 0.28.0-1-gb440e238dd (webtiles) character file.

Game seed: 14416400252256679542

513 Zeld the Chiller (level 7, 0/46 HPs)
             Began as a Merfolk Ice Elementalist on Feb 23, 2022.
             Was an Initiate of Vehumet.
             Succumbed to Blork the orc's poison
             ... on level 4 of the Dungeon.
             The game lasted 00:06:10 (4860 turns).

Zeld the Chiller (Merfolk Ice Elementalist)         Turns: 4860, Time: 00:06:10

Health: 0/46       AC:  4    Str:  8    XL:     7   Next: 20%
Magic:  11/13      EV: 14    Int: 16    God:    Vehumet [......]
Gold:   142        SH:  5    Dex: 15    Spells: 3/14 levels left

rFire   . . .      SeeInvis .   a - +0 scythe (venom)
rCold   . . .      Faith    .   (shield currently unavailable)
rNeg    . . .      Spirit   .   j - +0 robe
rPois   .          Reflect  +   i - +0 helmet
rElec   .          Harm     .   c - +0 cloak
rCorr   .          Rampage  .   (no gloves)
Will    .....                   (no boots)
Stlth   +++.......              n - amulet of reflection
HPRegen 0.15/turn               (no ring)
MPRegen 0.13/turn               (no ring)

@: lethally poisoned (0 -> -10)
A: (nimble swimmer 2), mertail
a: Renounce Religion


You were on level 4 of the Dungeon.
You worshipped Vehumet.
Vehumet was noncommittal.
You visited 1 branch of the dungeon, and saw 4 of its levels.

You collected 142 gold pieces.

Inventory:

Hand Weapons
 a - a +0 scythe of venom (weapon)
Armour
 c - a +0 cloak (worn)
 i - a +0 helmet (worn)
 j - a +0 robe (worn)
Jewellery
 l - a ring of resist corrosion
 n - an amulet of reflection (around neck)
Wands
 o - a wand of flame (21)
Scrolls
 b - 2 scrolls of identify {unknown}
 f - a scroll of amnesia {unknown}
 g - a scroll of noise {unknown}
 k - 2 scrolls of teleportation {unknown}
 p - a scroll of summoning {unknown}
Potions
 e - 2 potions of invisibility
 h - a potion of flight
 m - 2 potions of degeneration {unknown}
 q - a potion of brilliance {unknown}
 r - a potion of cancellation {unknown}


   Skills:
 + Level 4.6 Dodging
 - Level 4.0 Stealth
 * Level 4.2 Spellcasting
 + Level 0.6 Conjurations
 * Level 6.4 Ice Magic


You had 3 spell levels left.
You knew the following spells:

 Your Spells              Type           Power      Damage    Failure   Level
a - Freeze                Ice            96%        1d11      1%          1
b - Frozen Ramparts       Ice            48%        1d6       3%          3
c - Ozocubu's Armour      Ice            24%        N/A       3%          3
d - Hailstorm             Conj/Ice       14%        3d5       36%         4

Your spell library contained the following spells:

 Spells                   Type           Power      Damage    Failure   Level


Dungeon Overview and Level Annotations

Branches:
Dungeon (4/15)
 Temple: D:4-7

Altars:
Vehumet
Xom

Annotations:
D:4 Blork the orc


Innate Abilities, Weirdness & Mutations

((You are very nimble when in or above water. (Stealth+, EV+, Speed+++)))
Your lower body shifts to a powerful aquatic tail in water.


Message History

Found a stone staircase leading up.
There is a stone staircase leading up here.
You see here the felid skeleton of Natasha.
Blork the orc comes into view.
He is wielding a +1 trident of venom.
Blork the orc shouts!
Blork the orc casts a spell at you. The puff of frost hits you.
There is an open door here.
Blork the orc is nearby!
Blork the orc hits you from afar with a +1 trident of venom!
You are poisoned.
Casting: Freeze (safe; 1% risk of failure)
Confirm with . or Enter, or press ? or * to list all spells.
Casting: Frozen Ramparts (dangerous; 3% risk of failure)
Press: ? - help, Dir - look around, f - activate The walls around you are covered in ice.
You feel very sick.
Blork the orc hits you from afar with a +1 trident of venom.
You are more poisoned.
Unknown command.
Your frozen ramparts will break if you move.
Continue?
The frozen ramparts melt away as you move.
You feel very sick.
You feel very sick.
There is an open door here.
You feel very sick.
It was a potion of curing.
You feel better.
Blork the orc gestures wildly while chanting.
Blork the orc seems to speed up.
Blork the orc hits you from afar with a +1 trident of venom!
* * * LOW HITPOINT WARNING * * *
Blork the orc barely misses you. Blork the orc casts a spell at you.
The puff of flame hits you.
* * * LOW HITPOINT WARNING * * *
Blork the orc hits you from afar with a +1 trident of venom.
* * * LOW HITPOINT WARNING * * *
You are lethally poisoned!
There is a stone staircase leading up here.
You die...

#.#####.# #.# ##.##...
#.......#####.## #...#...
#.######..)....# ###...#รท.. #+#
#.#####.# ###.......). ...## #.#
#.# #.........#. ....## #.# #.#
###.#.......## .....###.# #.#
#.........###.
......##.#####.#####.#.#.....##..
......'.........@.o...........'..
......####...................##..
.....## #..####.#######'##..###.
....## #..# #.#....o...#.## ##
...## #..####=#........#.# # #'##
#.....#.#........#.# #.#
#.###.#.#........#.## #.# #.#
#.#.#........#..# #.##
#.###.#.#........#..####


You could see Blork the orc (fast).

Vanquished Creatures
  Sigmund (D:2)
  A jelly (D:1)
  Crazy Yiuf (D:2)
  2 orc priests (D:4)
  Natasha (thrice) (D:4)
  Robin (D:2)
  A gnoll (D:1)
  4 adders
  2 worms (D:2)
  2 dart slugs
  2 orcs (D:4)
  4 ball pythons
  3 bats
  10 endoplasms
  10 giant cockroaches
  10 goblins
  11 hobgoblins
  A jackal (D:1)
  3 quokkas
  4 frilled lizards (D:1)
  7 kobolds
  6 rats
89 creatures vanquished.

Notes
Turn   | Place    | Note
-------+----------+-------------------------------------------
     0 | D:1      | Zeld the Merfolk Ice Elementalist began the quest for the
                  | Orb.
     0 | D:1      | Reached XP level 1. HP: 13/13 MP: 3/3
     1 | D:1      | Found a runed translucent door.
     2 | D:1      | Noticed a jelly
    11 | D:1      | Reached XP level 2. HP: 15/19 MP: 1/5
   570 | D:1      | Reached XP level 3. HP: 21/24 MP: 3/6
   574 | D:1      | Learned a level 3 spell: Frozen Ramparts
   683 | D:1      | Found a faded altar of an unknown god.
  1100 | D:1      | Learned a level 3 spell: Ozocubu's Armour
  1301 | D:1      | Reached skill level 5 in Ice Magic
  1301 | D:1      | Reached XP level 4. HP: 28/30 MP: 1/8
  1488 | D:2      | Noticed Robin
  1497 | D:2      | Killed Robin
  1712 | D:2      | Noticed Sigmund
  1718 | D:2      | Reached XP level 5. HP: 31/35 MP: 3/9
  1722 | D:2      | Killed Sigmund
  1723 | D:2      | Reached skill level 6 in Ice Magic
  1723 | D:2      | Reached XP level 6. HP: 37/41 MP: 0/11
  2430 | D:2      | Found a runed translucent door.
  2431 | D:2      | Noticed Crazy Yiuf
  2625 | D:2      | Killed Crazy Yiuf
  2627 | D:2      | HP: 3/61 [poisoned by Crazy Yiuf]
  3250 | D:3      | Learned a level 4 spell: Hailstorm
  3282 | D:3      | Found a shimmering altar of Xom.
  3385 | D:3      | Found a radiant altar of Vehumet.
  3394 | D:3      | Became a worshipper of Vehumet
  3987 | D:4      | Noticed Natasha
  3993 | D:4      | Killed Natasha
  3994 | D:4      | Reached XP level 7. HP: 46/46 MP: 8/13
  4603 | D:4      | Noticed Natasha
  4609 | D:4      | Killed Natasha
  4639 | D:4      | Noticed Natasha
  4652 | D:4      | Killed Natasha
  4845 | D:4      | Noticed Blork the orc
  4860 | D:4      | Succumbed to Blork the orc's poison

Illustrated notes

Levels and vault maps discovered:
D:1:      dpeg_arrival_caged_fury, layout_basic, shapermc_ecumenical_altar_venn
D:2:      layout_loops_ring, grunt_ministairs_5, chequers_avenue,
          minmay_crystal_water, item_on_display_a, uniq_robin, uniq_sigmund,
          uniq_crazy_yiuf_cottage
D:3:      layout_loops_ring, vehumet_altar_wand_db, led_xom_imps, serial_glass,
          glass_columns_b, glass_columns_a
D:4:      layout_loops_corners, serial_bayou_ford_a, minivault_25,
          uniq_blork_the_orc, uniq_natasha

Skill      XL: |  1  2  3  4  5  6 |
---------------+-------------------+-----
Dodging        | 3 4 |  4.6
Stealth        | 3 4 |  4.0
Ice Magic      | 5 6 |  6.4
Spellcasting   | 3 4 |  4.2
Conjurations   | |  0.6

Action                   |  1- 3 |  4- 6 |  7- 9 || total
-------------------------+-------+-------+-------++-------
Melee: Unarmed           |     4 |     4 |       ||     8
       Scythe            |       |    40 |    20 ||    60
 Cast: Freeze            |    38 |    31 |     9 ||    78
       Frozen Ramparts   |     1 |     7 |     3 ||    11
  Use: Potion            |       |     4 |     1 ||     5
 Stab: Sleeping          |       |     5 |     2 ||     7
Armor: Robe              |     1 |    15 |    15 ||    31
Dodge: Dodged            |    22 |    56 |    30 ||   108
Block: Other             |       |     5 |     9 ||    14
